TOP OF THE 1ST |
Niagara Falls Frenzy batting - Pitching for Los Cabos Cartel : RHP Vicente Durán
|
Pitching: RHP Vicente Durán
|
|
Batting: SHB Martín De Jesús
|
0-0: Ball 1-0: Foul Ball, location: 2F 1-1: Foul Ball, location: 2F 1-2: Strikes out looking
|
Batting: LHB Clyde Yarbrough
|
0-0: Foul Ball, location: 2F 0-1: Ball 1-1: Foul Ball, location: 2F 1-2: Ball 2-2: Ball 3-2: SINGLE (Groundball, 34)
|
Batting: LHB Dante Owens
|
0-0: Called Strike 0-1: Ball 1-1: Swinging Strike 1-2: Ball 2-2: DOUBLE (Line Drive, 3L) Clyde Yarbrough to third Runner from 3rd tries for Home, SAFE, no throw or cutoff
|
Batting: RHB Lawrence Schroeder
|
0-0: Called Strike 0-1: Foul Ball, location: 2F 0-2: Ball 1-2: Ball 2-2: Ball 3-2: Foul Ball, location: 2F 3-2: Strikes out swinging
|
Batting: LHB Bill Hall
|
0-0: Swinging Strike 0-1: Ground out 4-3 (Groundball, 4)
|
Top of the 1st over - 1 run(s), 2 hit(s), 0 error(s), 1 left on base; Niagara Falls 1 - Los Cabos 0 |
BOTTOM OF THE 1ST |
Los Cabos Cartel batting - Pitching for Niagara Falls Frenzy : RHP Mark Head
|
Pitching: RHP Mark Head
|
|
Batting: LHB Willie Wallace
|
0-0: Called Strike 0-1: Called Strike 0-2: Ground out U3 (Groundball, 3S)
|
Batting: LHB Miguel Rivería
|
0-0: Called Strike 0-1: Called Strike 0-2: Fly out, F8 (Flyball, 8RM)
|
Batting: SHB Julián Madrid
|
0-0: Ball 1-0: Called Strike 1-1: Ground out 4-3 (Groundball, 4)
|
Bottom of the 1st over - 0 run(s), 0 hit(s), 0 error(s), 0 left on base; Niagara Falls 1 - Los Cabos 0 |
TOP OF THE 2ND |
Niagara Falls Frenzy batting - Pitching for Los Cabos Cartel : RHP Vicente Durán
|
Batting: RHB Ángel Hinojosa
|
0-0: Foul Ball, location: 2F 0-1: Called Strike 0-2: Ball 1-2: Ground out 5-3 (Groundball, 5S)
|
Batting: RHB Gerald Burnett
|
0-0: Called Strike 0-1: Swinging Strike 0-2: Strikes out swinging
|
Batting: RHB Keitaro Suzuki
|
0-0: Ground out 5-3 (Groundball, 5)
|
Top of the 2nd over - 0 run(s), 0 hit(s), 0 error(s), 0 left on base; Niagara Falls 1 - Los Cabos 0 |
BOTTOM OF THE 2ND |
Los Cabos Cartel batting - Pitching for Niagara Falls Frenzy : RHP Mark Head
|
Batting: RHB Stephen Wilson
|
0-0: Ball 1-0: Called Strike 1-1: Called Strike 1-2: Ball 2-2: Fly out, F9 (Flyball, 89M)
|
Batting: SHB Rob Grun
|
0-0: Called Strike 0-1: Ground out U3 (Groundball, 3)
|
Batting: RHB Gerardo Escobedo
|
0-0: Called Strike 0-1: Ground out 4-3 (Groundball, 4)
|
Bottom of the 2nd over - 0 run(s), 0 hit(s), 0 error(s), 0 left on base; Niagara Falls 1 - Los Cabos 0 |
TOP OF THE 3RD |
Niagara Falls Frenzy batting - Pitching for Los Cabos Cartel : RHP Vicente Durán
|
Batting: RHB Santiago Zambrano
|
0-0: SINGLE (Groundball, 56D)
|
Batting: SHB Martín De Jesús
|
0-0: Ball 1-0: Foul Ball, location: 2F 1-1: Fly out, F4 (Line Drive, 4)
|
Batting: LHB Clyde Yarbrough
|
0-0: Ball 1-0: Fielders Choice at 2nd, 3-6 (Groundball, 3)
|
Batting: LHB Dante Owens
|
0-0: Called Strike 0-1: Foul Ball, location: 2F 0-2: Ground out 1-3 (Groundball, 13)
|
Top of the 3rd over - 0 run(s), 1 hit(s), 0 error(s), 1 left on base; Niagara Falls 1 - Los Cabos 0 |
BOTTOM OF THE 3RD |
Los Cabos Cartel batting - Pitching for Niagara Falls Frenzy : RHP Mark Head
|
Batting: RHB John Pick
|
0-0: Ball 1-0: SINGLE (Line Drive, 6D)
|
Batting: RHB Sam Wallace
|
0-0: Ball 1-0: Called Strike 1-1: Called Strike 1-2: Ball 2-2: Ball 3-2: Foul Ball, location: 2F 3-2: Fly out, F3 (Popup, 3SF)
|
Batting: SHB Edgardo Osorio
|
0-0: Ball John Pick is caught stealing 2nd base 1-0: Ball 2-0: Foul Ball, location: 2F 2-1: Foul Ball, location: 2F 2-2: Strikes out swinging
|
Bottom of the 3rd over - 0 run(s), 1 hit(s), 0 error(s), 0 left on base; Niagara Falls 1 - Los Cabos 0 |
TOP OF THE 4TH |
Niagara Falls Frenzy batting - Pitching for Los Cabos Cartel : RHP Vicente Durán
|
Batting: RHB Lawrence Schroeder
|
0-0: Fly out, F8 (Flyball, 8RXD)
|
Batting: LHB Bill Hall
|
0-0: Ball 1-0: Called Strike 1-1: SINGLE (Line Drive, 4)
|
Batting: RHB Ángel Hinojosa
|
0-0: Ball 1-0: Ball 2-0: Fly out, F7 (Flyball, 78D)
|
Batting: RHB Gerald Burnett
|
0-0: Ground out 5-3 (Groundball, 15S)
|
Top of the 4th over - 0 run(s), 1 hit(s), 0 error(s), 1 left on base; Niagara Falls 1 - Los Cabos 0 |
BOTTOM OF THE 4TH |
Los Cabos Cartel batting - Pitching for Niagara Falls Frenzy : RHP Mark Head
|
Batting: LHB Willie Wallace
|
0-0: Called Strike 0-1: Ground out 6-3 (Groundball, 6M)
|
Batting: LHB Miguel Rivería
|
0-0: Ball 1-0: Ball 2-0: Foul Ball, location: 2F 2-1: Ground out 1-3 (Groundball, 23)
|
Batting: SHB Julián Madrid
|
0-0: Ball 1-0: Foul Ball, location: 2F 1-1: Ball 2-1: Ball 3-1: SINGLE (Groundball, 4MD)
|
Batting: RHB Stephen Wilson
|
0-0: Ball 1-0: Ball 2-0: Called Strike 2-1: Foul Ball, location: 2F 2-2: Foul Ball, location: 2F 2-2: Fly out, F8 (Flyball, 78XD)
|
Bottom of the 4th over - 0 run(s), 1 hit(s), 0 error(s), 1 left on base; Niagara Falls 1 - Los Cabos 0 |
TOP OF THE 5TH |
Niagara Falls Frenzy batting - Pitching for Los Cabos Cartel : RHP Vicente Durán
|
Batting: RHB Keitaro Suzuki
|
0-0: Called Strike 0-1: Ball 1-1: Fly out, F9 (Flyball, 9M)
|
Batting: RHB Santiago Zambrano
|
0-0: Called Strike 0-1: Swinging Strike 0-2: Foul Ball, location: 2F 0-2: Strikes out looking
|
Batting: SHB Martín De Jesús
|
0-0: Ball 1-0: Ball 2-0: Ball 3-0: Called Strike 3-1: Base on Balls
|
Batting: LHB Clyde Yarbrough
|
0-0: Ball 1-0: Ball Martín De Jesús steals 2nd base 2-0: Called Strike 2-1: Ball 3-1: Foul Ball, location: 2F 3-2: Fly out, F2 (Popup, 2RF)
|
Top of the 5th over - 0 run(s), 0 hit(s), 0 error(s), 1 left on base; Niagara Falls 1 - Los Cabos 0 |
BOTTOM OF THE 5TH |
Los Cabos Cartel batting - Pitching for Niagara Falls Frenzy : RHP Mark Head
|
Batting: SHB Rob Grun
|
0-0: Called Strike 0-1: Ball 1-1: Foul Ball, location: 2F 1-2: SINGLE (Line Drive, 4M)
|
Batting: RHB Gerardo Escobedo
|
0-0: Called Strike Rob Grun is caught stealing 2nd base 0-1: Swinging Strike 0-2: Ball 1-2: Foul Ball, location: 2F 1-2: Ball 2-2: Ball 3-2: Base on Balls
|
Batting: RHB John Pick
|
0-0: Called Strike 0-1: Ball 1-1: Swinging Strike 1-2: Ball Gerardo Escobedo steals 2nd base 2-2: Foul Ball, location: 2F 2-2: Strikes out swinging
|
Batting: RHB Sam Wallace
|
0-0: Ball 1-0: Ball 2-0: Ball 3-0: Base on Balls
|
Batting: SHB Edgardo Osorio
|
0-0: Ball 1-0: Ball 2-0: Called Strike 2-1: Foul Ball, location: 2F 2-2: Ground out 4-3 (Groundball, 4)
|
Bottom of the 5th over - 0 run(s), 1 hit(s), 0 error(s), 2 left on base; Niagara Falls 1 - Los Cabos 0 |
TOP OF THE 6TH |
Niagara Falls Frenzy batting - Pitching for Los Cabos Cartel : RHP Vicente Durán
|
Batting: LHB Dante Owens
|
0-0: Ball 1-0: Foul Ball, location: 2F 1-1: Foul Ball, location: 2F 1-2: SINGLE (Line Drive, 8LS)
|
Batting: RHB Lawrence Schroeder
|
0-0: Called Strike Dante Owens is caught stealing 2nd base 0-1: Ball 1-1: Foul Ball, location: 2F 1-2: Ball 2-2: Strikes out swinging
|
Batting: LHB Bill Hall
|
0-0: Ball 1-0: Ball 2-0: Ball 3-0: Base on Balls
|
Batting: RHB Ángel Hinojosa
|
0-0: Called Strike 0-1: Foul Ball, location: 2F 0-2: Ball 1-2: Strikes out looking
|
Top of the 6th over - 0 run(s), 1 hit(s), 0 error(s), 1 left on base; Niagara Falls 1 - Los Cabos 0 |
BOTTOM OF THE 6TH |
Los Cabos Cartel batting - Pitching for Niagara Falls Frenzy : RHP Mark Head
|
Batting: LHB Willie Wallace
|
0-0: Ball 1-0: Foul Ball, location: 2F 1-1: Ball 2-1: Foul Ball, location: 2F 2-2: Foul Ball, location: 2F 2-2: Ball 3-2: Ground out 4-3 (Groundball, 4)
|
Batting: LHB Miguel Rivería
|
0-0: Ball 1-0: Ground out U3 (Groundball, 3L)
|
Batting: SHB Julián Madrid
|
0-0: Foul Ball, location: 2F 0-1: Ball 1-1: Swinging Strike 1-2: Ball 2-2: Ball 3-2: Foul Ball, location: 2F 3-2: SINGLE (Line Drive, 9S)
|
Batting: RHB Stephen Wilson
|
0-0: Ball 1-0: Swinging Strike 1-1: Ground out 5-3 (Groundball, 56)
|
Bottom of the 6th over - 0 run(s), 1 hit(s), 0 error(s), 1 left on base; Niagara Falls 1 - Los Cabos 0 |
TOP OF THE 7TH |
Niagara Falls Frenzy batting - Pitching for Los Cabos Cartel : RHP Vicente Durán
|
Batting: RHB Gerald Burnett
|
0-0: Called Strike 0-1: Ball 1-1: Ball 2-1: Ground out 4-3 (Groundball, 4M)
|
Batting: RHB Keitaro Suzuki
|
0-0: Foul Ball, location: 2F 0-1: Foul Ball, location: 2F 0-2: Strikes out swinging
|
Batting: RHB Santiago Zambrano
|
0-0: Foul Ball, location: 2F 0-1: Swinging Strike 0-2: Strikes out looking
|
Top of the 7th over - 0 run(s), 0 hit(s), 0 error(s), 0 left on base; Niagara Falls 1 - Los Cabos 0 |
BOTTOM OF THE 7TH |
Los Cabos Cartel batting - Pitching for Niagara Falls Frenzy : RHP Mark Head
|
Batting: SHB Rob Grun
|
0-0: Ball 1-0: Swinging Strike 1-1: Ball 2-1: Foul Ball, location: 2F 2-2: Foul Ball, location: 2F 2-2: Fly out, F8 (Flyball, 8LD)
|
Batting: RHB Gerardo Escobedo
|
0-0: Ball 1-0: Ball 2-0: Called Strike 2-1: Fly out, F8 (Flyball, 8RD)
|
Batting: RHB John Pick
|
0-0: Fly out, F8 (Flyball, 8RS)
|
Bottom of the 7th over - 0 run(s), 0 hit(s), 0 error(s), 0 left on base; Niagara Falls 1 - Los Cabos 0 |
TOP OF THE 8TH |
Niagara Falls Frenzy batting - Pitching for Los Cabos Cartel : RHP Vicente Durán
|
Batting: SHB Martín De Jesús
|
0-0: Foul Ball, location: 2F 0-1: Called Strike 0-2: Ball 1-2: SINGLE (Groundball, 34D)
|
Pitching: RHP Yajirobei Endo
|
|
Batting: LHB Clyde Yarbrough
|
0-0: Sac Bunt - play at first, batter OUT! 1-4 Martín De Jesús to second
|
Batting: LHB Dante Owens
|
0-0: Intentional Walk
|
Batting: RHB Lawrence Schroeder
|
0-0: Ball 1-0: Foul Ball, location: 2F 1-1: Ball 2-1: Ball 3-1: Foul Ball, location: 2F 3-2: Strikes out swinging
|
Batting: LHB Bill Hall
|
0-0: Ball 1-0: Called Strike 1-1: Foul Ball, location: 2F 1-2: Ball 2-2: Ball 3-2: Base on Balls Martín De Jesús to third Dante Owens to second
|
Batting: RHB Ángel Hinojosa
|
0-0: Ball 1-0: Ball 2-0: Called Strike 2-1: Foul Ball, location: 2F 2-2: Foul Ball, location: 2F 2-2: Ball 3-2: Base on Balls Martín De Jesús scores Dante Owens to third Bill Hall to second
|
Batting: RHB Gerald Burnett
|
0-0: Foul Ball, location: 2F 0-1: Ball 1-1: Fielders Choice at 2nd, 6-4 (Groundball, 6)
|
Top of the 8th over - 1 run(s), 1 hit(s), 0 error(s), 2 left on base; Niagara Falls 2 - Los Cabos 0 |
BOTTOM OF THE 8TH |
Los Cabos Cartel batting - Pitching for Niagara Falls Frenzy : RHP Mark Head
|
Pitching: RHP Kimitada Takai
|
|
Batting: RHB Sam Wallace
|
0-0: Ground out 4-3 (Groundball, 4)
|
Batting: SHB Edgardo Osorio
|
0-0: Ground out U3 (Groundball, 3L)
|
Batting: LHB Willie Wallace
|
0-0: Ball 1-0: Ground out 4-3 (Groundball, 4M)
|
Bottom of the 8th over - 0 run(s), 0 hit(s), 0 error(s), 0 left on base; Niagara Falls 2 - Los Cabos 0 |
TOP OF THE 9TH |
Niagara Falls Frenzy batting - Pitching for Los Cabos Cartel : RHP Yajirobei Endo
|
Pitching: LHP António Martínez
|
|
Batting: RHB Keitaro Suzuki
|
0-0: Ball 1-0: Swinging Strike 1-1: Ball 2-1: DOUBLE (Flyball, 8RD)
|
Batting: RHB Santiago Zambrano
|
0-0: Ground out 5-3 (Groundball, 5L)
|
Batting: SHB Martín De Jesús
|
0-0: Called Strike 0-1: Ball 1-1: Ball 2-1: Called Strike 2-2: Strikes out swinging passed ball, reaches first! Keitaro Suzuki to third
|
Batting: LHB Clyde Yarbrough
|
0-0: Ball Wild Pitch! Keitaro Suzuki scores Martín De Jesús to second 1-0: Called Strike 1-1: SINGLE (Line Drive, 56) Martín De Jesús to third
|
Batting: LHB Dante Owens
|
0-0: Called Strike 0-1: Ball 1-1: Called Strike 1-2: Ball 2-2: Ball 3-2: Strikes out swinging Clyde Yarbrough steals 2nd base Batter strikes out.
|
Batting: RHB Lawrence Schroeder
|
0-0: Foul Ball, location: 2F 0-1: Called Strike 0-2: Ball 1-2: Fly out, F7 (Flyball, 7M)
|
Top of the 9th over - 1 run(s), 2 hit(s), 0 error(s), 2 left on base; Niagara Falls 3 - Los Cabos 0 |
BOTTOM OF THE 9TH |
Los Cabos Cartel batting - Pitching for Niagara Falls Frenzy : RHP Kimitada Takai
|
Pitching: RHP Esteban Juárez
|
|
Batting: LHB Miguel Rivería
|
0-0: Ball 1-0: Foul Ball, location: 2F 1-1: Swinging Strike 1-2: Ball 2-2: Foul Ball, location: 2F 2-2: Strikes out swinging
|
Batting: SHB Julián Madrid
|
0-0: Ball 1-0: Ball 2-0: Ball 3-0: Called Strike 3-1: Base on Balls
|
Batting: RHB Stephen Wilson
|
0-0: Ball 1-0: Ball 2-0: Ball 3-0: Called Strike 3-1: Foul Ball, location: 2F 3-2: Base on Balls Julián Madrid to second
|
Batting: SHB Rob Grun
|
0-0: Ball 1-0: Called Strike 1-1: 3-RUN HOME RUN (Flyball, 7D), Distance : 390 ft
|
Pitching: RHP Ángel Francisco
|
|
Batting: RHB Gerardo Escobedo
|
0-0: Called Strike 0-1: Ball 1-1: Ball 2-1: Foul Ball, location: 2F 2-2: Foul Ball, location: 2F 2-2: Ground out 5-3 (Groundball, 56)
|
Pinch Hitting: RHB Wilbert Rodgers
|
0-0: Called Strike 0-1: Foul Ball, location: 2F 0-2: Ground out 5-3 (Groundball, 56S)
|
Bottom of the 9th over - 3 run(s), 1 hit(s), 0 error(s), 0 left on base; Niagara Falls 3 - Los Cabos 3 |
TOP OF THE 10TH |
Niagara Falls Frenzy batting - Pitching for Los Cabos Cartel : LHP António Martínez
|
Pitching: LHP Santiago González
|
|
Now at 1B: Wilbert Rodgers
|
|
Pinch Hitting: RHB Zander Tremblett
|
0-0: Ball 1-0: Called Strike 1-1: Foul Ball, location: 2F 1-2: Ball 2-2: Fly out, F6 (Popup, 8LS)
|
Batting: RHB Ángel Hinojosa
|
0-0: Ball 1-0: Ball 2-0: Called Strike 2-1: Called Strike 2-2: Strikes out swinging
|
Batting: RHB Gerald Burnett
|
0-0: Ball 1-0: Ground out 4-3 (Groundball, 4)
|
Top of the 10th over - 0 run(s), 0 hit(s), 0 error(s), 0 left on base; Niagara Falls 3 - Los Cabos 3 |
BOTTOM OF THE 10TH |
Los Cabos Cartel batting - Pitching for Niagara Falls Frenzy : RHP Ángel Francisco
|
Now at C: Zander Tremblett
|
|
Batting: RHB Sam Wallace
|
0-0: Ball 1-0: Foul Ball, location: 2F 1-1: Ground out 6-3 (Groundball, 6)
|
Batting: SHB Edgardo Osorio
|
0-0: Ball 1-0: Ball 2-0: Ball 3-0: Base on Balls
|
Batting: LHB Willie Wallace
|
0-0: Ball 1-0: Ball Edgardo Osorio steals 2nd base 2-0: Ball 3-0: Called Strike 3-1: Base on Balls
|
Batting: LHB Miguel Rivería
|
0-0: Ball 1-0: Ball Edgardo Osorio steals 3rd base Willie Wallace to second 2-0: Intentional Walk
|
Batting: SHB Julián Madrid
|
0-0: Ball 1-0: Swinging Strike 1-1: Foul Ball, location: 2F 1-2: Ball 2-2: Ball 3-2: Foul Ball, location: 2F 3-2: Grounds into double play, 1-2-3 (Groundball, 15)
|
Bottom of the 10th over - 0 run(s), 0 hit(s), 0 error(s), 2 left on base; Niagara Falls 3 - Los Cabos 3 |
TOP OF THE 11TH |
Niagara Falls Frenzy batting - Pitching for Los Cabos Cartel : LHP Santiago González
|
Batting: RHB Keitaro Suzuki
|
0-0: Foul Ball, location: 2F 0-1: Ball 1-1: Called Strike 1-2: Fly out, F8 (Flyball, 78XD)
|
Batting: RHB Santiago Zambrano
|
0-0: Ball 1-0: Called Strike 1-1: Called Strike 1-2: Foul Ball, location: 2F 1-2: Strikes out swinging
|
Batting: SHB Martín De Jesús
|
0-0: Foul Ball, location: 2F 0-1: Ground out 6-3 (Groundball, 6)
|
Top of the 11th over - 0 run(s), 0 hit(s), 0 error(s), 0 left on base; Niagara Falls 3 - Los Cabos 3 |
BOTTOM OF THE 11TH |
Los Cabos Cartel batting - Pitching for Niagara Falls Frenzy : RHP Ángel Francisco
|
Batting: RHB Stephen Wilson
|
0-0: Ball 1-0: Foul Ball, location: 2F 1-1: Foul Ball, location: 2F 1-2: Ball 2-2: Foul Ball, location: 2F 2-2: Foul Ball, location: 2F 2-2: Foul Ball, location: 2F 2-2: Ball 3-2: Ground out 4-3 (Groundball, 4)
|
Batting: SHB Rob Grun
|
0-0: Called Strike 0-1: Ground out 4-3 (Groundball, 4)
|
Batting: RHB Gerardo Escobedo
|
0-0: Called Strike 0-1: Ball 1-1: TRIPLE (Flyball, 9LM)
|
Batting: RHB Wilbert Rodgers
|
0-0: Called Strike 0-1: Ball 1-1: Fly out, F5 (Popup, 5SF)
|
Bottom of the 11th over - 0 run(s), 1 hit(s), 0 error(s), 1 left on base; Niagara Falls 3 - Los Cabos 3 |
TOP OF THE 12TH |
Niagara Falls Frenzy batting - Pitching for Los Cabos Cartel : LHP Santiago González
|
Pitching: RHP Masahiko Okada
|
|
Batting: LHB Clyde Yarbrough
|
0-0: Ball 1-0: Ground out U3 (Groundball, 3)
|
Batting: LHB Dante Owens
|
0-0: Ground out 1-3 (Groundball, 34S)
|
Batting: RHB Lawrence Schroeder
|
0-0: Ball 1-0: Foul Ball, location: 2F 1-1: Called Strike 1-2: Ball 2-2: Strikes out swinging
|
Top of the 12th over - 0 run(s), 0 hit(s), 0 error(s), 0 left on base; Niagara Falls 3 - Los Cabos 3 |
BOTTOM OF THE 12TH |
Los Cabos Cartel batting - Pitching for Niagara Falls Frenzy : RHP Ángel Francisco
|
Batting: RHB Sam Wallace
|
0-0: Called Strike 0-1: Foul Ball, location: 2F 0-2: Foul Ball, location: 2F 0-2: Foul Ball, location: 2F 0-2: Foul Ball, location: 2F 0-2: Fly out, F7 (Line Drive, 7D)
|
Pitching: LHP António Bueno
|
|
Batting: SHB Edgardo Osorio
|
0-0: Ball 1-0: Ball 2-0: SINGLE (Groundball, 6M)
|
Batting: LHB Willie Wallace
|
0-0: Called Strike 0-1: Ball 1-1: Ball 2-1: Grounds into double play, 4-6-3 (Groundball, 34)
|
Bottom of the 12th over - 0 run(s), 1 hit(s), 0 error(s), 0 left on base; Niagara Falls 3 - Los Cabos 3 |
TOP OF THE 13TH |
Niagara Falls Frenzy batting - Pitching for Los Cabos Cartel : RHP Masahiko Okada
|
Batting: RHB Zander Tremblett
|
0-0: Ball 1-0: Swinging Strike 1-1: Fly out, F7 (Flyball, 78S)
|
Batting: RHB Ángel Hinojosa
|
0-0: Ball 1-0: Fly out, F8 (Flyball, 8LM)
|
Batting: RHB Gerald Burnett
|
0-0: Ball 1-0: Foul Ball, location: 2F 1-1: Ball 2-1: Foul Ball, location: 2F 2-2: Strikes out swinging
|
Top of the 13th over - 0 run(s), 0 hit(s), 0 error(s), 0 left on base; Niagara Falls 3 - Los Cabos 3 |
BOTTOM OF THE 13TH |
Los Cabos Cartel batting - Pitching for Niagara Falls Frenzy : LHP António Bueno
|
Batting: LHB Miguel Rivería
|
0-0: Fly out, F9 (Line Drive, 89D)
|
Batting: SHB Julián Madrid
|
0-0: Called Strike 0-1: Foul Ball, location: 2F 0-2: Ball 1-2: Ball 2-2: Ball 3-2: Foul Ball, location: 2F 3-2: Foul Ball, location: 2F 3-2: Strikes out looking
|
Batting: RHB Stephen Wilson
|
0-0: Foul Ball, location: 2F 0-1: Called Strike 0-2: Ball 1-2: DOUBLE (Line Drive, 7LS)
|
Batting: SHB Rob Grun
|
0-0: Swinging Strike 0-1: Foul Ball, location: 2F 0-2: Ball 1-2: Strikes out swinging
|
Bottom of the 13th over - 0 run(s), 1 hit(s), 0 error(s), 1 left on base; Niagara Falls 3 - Los Cabos 3 |
TOP OF THE 14TH |
Niagara Falls Frenzy batting - Pitching for Los Cabos Cartel : RHP Masahiko Okada
|
Pinch Hitting: LHB Arturo López
|
0-0: Ball 1-0: Foul Ball, location: 2F 1-1: Ground out 4-3 (Groundball, 4)
|
Pitching: LHP Jung-keun Yi
|
|
Batting: RHB Santiago Zambrano
|
0-0: Swinging Strike 0-1: Foul Ball, location: 2F 0-2: Foul Ball, location: 2F 0-2: DOUBLE (Line Drive, 89S)
|
Batting: SHB Martín De Jesús
|
0-0: Foul Ball, location: 2F 0-1: Ball 1-1: Swinging Strike 1-2: Strikes out swinging
|
Batting: LHB Clyde Yarbrough
|
0-0: DOUBLE (Line Drive, 5D) Santiago Zambrano scores
|
Batting: LHB Dante Owens
|
0-0: Fly out, F8 (Flyball, 8LD)
|
Top of the 14th over - 1 run(s), 2 hit(s), 0 error(s), 1 left on base; Niagara Falls 4 - Los Cabos 3 |
BOTTOM OF THE 14TH |
Los Cabos Cartel batting - Pitching for Niagara Falls Frenzy : LHP António Bueno
|
Now at 2B: Jong-min Kim
|
|
Batting: RHB Gerardo Escobedo
|
0-0: Ball 1-0: Called Strike 1-1: Foul Ball, location: 2F 1-2: Ground out 5-3 (Groundball, 5S)
|
Batting: RHB Wilbert Rodgers
|
0-0: Called Strike 0-1: Ball 1-1: Foul Ball, location: 2F 1-2: Foul Ball, location: 2F 1-2: Foul Ball, location: 2F 1-2: Ground out 6-3 (Groundball, 6MS)
|
Batting: RHB Sam Wallace
|
0-0: Ball 1-0: Fly out, F7 (Line Drive, 7S)
|
Bottom of the 14th over - 0 run(s), 0 hit(s), 0 error(s), 0 left on base; Niagara Falls 4 - Los Cabos 3 |
|